 Dungeon Crawl Stone Soup version 0.31.0-9-g3a7656b989 (webtiles) character file.

Game seed: 4112753815984698718

58 qw the Shooter (level 3, -1/20 HPs)
             Began as a Deep Elf Hunter on Feb 2, 2024.
             Slain by a jackal (3 damage)
             ... on level 2 of the Dungeon.
             The game lasted 00:00:02 (750 turns).

qw the Shooter (Deep Elf Hunter)                     Turns: 750, Time: 00:00:03

Health: -1/20      AC:  8    Str: 10    XL:     3   Next: 76%
Magic:  5/5        EV:  9    Int: 13    God:
Gold:   65         SH:  0    Dex: 18    Spells: 2/2 levels left

rFire   . . .        a - +0 shortbow
rCold   . . .        (shield currently unavailable)
rNeg    . . .        g - +2 scale mail {Will+}
rPois   .            (no helmet)
rElec   .            (no cloak)
rCorr   .            (no gloves)
SInv    .            (no boots)
Will    +....        (no amulet)
Stlth   +            (no ring)
HPRegen 0.23/turn    (no ring)
MPRegen 0.09/turn

%: no passive effects
@: no status effects
A: no striking features
a: no special abilities


You were on level 2 of the Dungeon.
You visited 1 branch of the dungeon, and saw 2 of its levels.

You collected 98 gold pieces.
You spent 33 gold pieces at shops.


   Skills:
 - Level 1.5 Fighting
 + Level 7.2 Ranged Weapons
 - Level 2.4 Dodging
 - Level 1.2 Stealth


You had 2 spell levels left.
You didn't know any spells.
Your spell library was empty.

Inventory:

Hand Weapons
 a - a +0 shortbow (weapon)
Armour
 g - a +2 scale mail of willpower (worn)
Potions
 d - 2 potions of curing
 f - a potion of enlightenment
 h - a potion of brilliance {unknown}

Dungeon Overview and Level Annotations

Branches:
Dungeon (2/15)

Altars:

Shops:
D:1 !*(

Annotations:
D:2 Terence


Message History

A jackal comes into view.
Terence hits you with a +0 flail.
You shoot an arrow. The jackal barks!
The arrow hits the jackal.
The jackal is heavily wounded.
The jackal bites you. Terence hits you with a +0 flail.
You shoot an arrow. The arrow closely misses Terence.
The jackal bites you but does no damage.
Terence hits you but does no damage.
You shoot an arrow. The arrow hits Terence!
Terence is moderately wounded.
The jackal misses you. Terence completely misses you.
The jackal bites you but does no damage. x2
Terence barely misses you.
You shoot an arrow. The arrow barely misses the jackal.
The jackal bites you but does no damage.
The jackal closely misses you. The jackal bites you.
Terence closely misses you. The jackal bites you.
You shoot an arrow.
The arrow hits the jackal but does no damage.
The jackal is heavily wounded.
The jackal bites you but does no damage.
The jackal barely misses you. Terence completely misses you.
The jackal closely misses you. The jackal bites you.
You shoot an arrow. The arrow misses the jackal.
The jackal barely misses you.
The jackal bites you but does no damage.
Terence hits you but does no damage. The jackal completely misses you.
Terence hits you with a +0 flail. The jackal barely misses you.
You shoot an arrow. The arrow hits the jackal.
The jackal is severely wounded.
The jackal barely misses you.
The jackal bites you but does no damage.
Terence closely misses you.
The jackal bites you but does no damage. x2
You shoot an arrow. The arrow hits the jackal.
You kill the jackal!
The jackal bites you.
You die...

##### ....# ....# ....#
######## h..
#####......######%#.####
..%....)........@h....>#
#####......######@...#+#
#......# !......
######## ....... .......
....... ....... .......


You could see Terence and 2 jackals.

Vanquished Creatures
  Jessica (D:2)
  A dart slug (D:1)
  An endoplasm (D:2)
  A giant cockroach (D:1)
  3 goblins
  4 hobgoblins
  4 jackals
  3 kobolds
  A quokka (D:1)
  2 ball pythons (D:1)
  3 bats (D:2)
  A frilled lizard (D:2)
  4 rats
29 creatures vanquished.

Notes
Turn   | Place    | Note
-------+----------+-------------------------------------------
     0 | D:1      | qw the Deep Elf Hunter began the quest for the Orb.
     0 | D:1      | Reached XP level 1. HP: 12/12 MP: 3/3
     0 | D:1      | 0 ||| qw: Version: 0.3-a-155-g5e7d8dd
     0 | D:1      | 0 ||| qw: Game counter: 931
     0 | D:1      | 0 ||| qw: Melee chars always use a shield: true
     0 | D:1      | 0 ||| qw: God list: Okawaru
     0 | D:1      | 0 ||| qw: Allow faded altars: false
     0 | D:1      | 0 ||| qw: Do Orc after clearing Dungeon:15 true
     0 | D:1      | 0 ||| qw: Do second Lair branch before Depths: true
     0 | D:1      | 0 ||| qw: Lair rune preference: random
     0 | D:1      | 0 ||| qw: Goals: Normal
     0 | D:1      | 0 ||| PLANNING D:1-11
    76 | D:1      | HP: 3/12 [jackal (2)]
   118 | D:1      | Found Mug Qoula's General Store.
   129 | D:1      | 129 ||| SHOPLISTING +5 ring of evasion (432 gold, have 26).
   129 | D:1      | 129 ||| SHOPLISTING scroll of brand weapon (114 gold, have
                  | 26).
   129 | D:1      | 129 ||| SHOPLISTING wand of light (7) (352 gold, have 26).
   133 | D:1      | Reached skill level 6 in Ranged Weapons
   133 | D:1      | Reached XP level 2. HP: 16/16 MP: 4/4
   255 | D:1      | Found Soosuim's Distillery.
   263 | D:1      | 263 ||| BUYING potion of curing (33 gold).
   263 | D:1      | Bought a potion of curing for 33 gold pieces
   263 | D:1      | 263 ||| SHOPLISTING potion of enlightenment (55 gold, have
                  | 22).
   263 | D:1      | 263 ||| SHOPLISTING potion of might (44 gold, have 22).
   344 | D:1      | Found Heskoat's Weapon Shoppe.
   353 | D:1      | 353 ||| SHOPLISTING +1 hand cannon of the Shark {heavy, rF+
                  | rC+} (387 gold, have 28).
   353 | D:1      | 353 ||| SHOPLISTING +7 sling (462 gold, have 28).
   468 | D:1      | 468 ||| UPGRADING to +2 scale mail of willpower.
   478 | D:1      | 478 ||| DROPPING +0 leather armour.
   479 | D:1      | 479 ||| READING scroll labelled DARCHIADAB.
   480 | D:1      | 480 ||| DRINKING 2 cyan potions.
   481 | D:1      | 481 ||| DROPPING scroll of butterflies.
   652 | D:2      | Reached XP level 3. HP: 20/20 MP: 5/5
   720 | D:2      | Noticed Jessica
   726 | D:2      | Killed Jessica
   727 | D:2      | Reached skill level 7 in Ranged Weapons
   738 | D:2      | Noticed Terence
   746 | D:2      | HP: 4/20 [jackal (2)]
   750 | D:2      | Slain by a jackal

Levels and vault maps discovered:
D:1:      shiori_arrival_elements, layout_rooms, serial_shops,
          nicolae_shop_trees, shop, nicolae_shop_crystal
D:2:      layout_basic, uniq_jessica, uniq_terence

Skill      XL: |  1  2  3 |
---------------+----------+-----
Ranged Weapons | 6 7 |  7.2
Fighting       | |  1.5
Dodging        | |  2.4
Stealth        | |  1.2

Action                     || total
---------------------------++-------
   Fire: Shortbow          ||    87
    Use: Scroll            ||     1
         Potion            ||     1
 Armour: Leather armour    ||     9
         Scale mail        ||    34
  Dodge: Dodged            ||    34

Table legend:
 A = Non-vault XP
 B = Vault XP
 C = Vault XP percentage of total XP
 D = Non-vault monster count
 E = Vault monster count
 F = Vault count percentage of total count
                 A         B        C        D         E       F
            +---------+---------+-------+---------+---------+-------
      Total |      49 |      37 |  43.0 |      28 |       1 |   3.4
            +---------+---------+-------+---------+---------+-------
        D:1 |      30 |       0 |   0.0 |      16 |       0 |   0.0
        D:2 |      19 |      37 |  66.1 |      12 |       1 |   7.7
            +---------+---------+-------+---------+---------+-------
